AoeStats
← 78.

Arena

504715990Analyzed
1v1 RM · 27d ago on Sep 6, 2026· 33m 49s· 2 players
Game mode
Random Map
Map size
Tiny (2 player)
Population
200
Speed
Normal
Resources
Standard
Victory
Conquest
Starting age
Dark Age
Ending age
Imperial Age
RankedLock teamsTeams togetherTeam positionsShared explorationLock speedFull tech treeHidden civsTurbo modeCheats
Victory
Defeat
🇹🇷 Turks · Türkiye
995
+17
🇹🇷 Turks · Türkiye
1015
-17
78.
10:07 Loom
11:52 Feudal Age
13:45 Double-Bit Axe
13:56 Gold Mining
16:21 Castle Age
16:11 Horse Collar
18:10 Gold Shaft Mining
17:47 Bow Saw
18:41 Heavy Plow
26:26 Imperial Age
24:44 Padded Archer Armor
25:15 Ballistics
26:14 Leather Archer Armor
27:48 Ring Archer Armor
tycoska
11:57 Feudal Age
16:30 Castle Age
15:14 Double-Bit Axe
15:16 Horse Collar
16:26 Gold Mining
19:39 Loom
23:39 Imperial Age
22:45 Bow Saw
22:39 Heavy Plow
23:44 Padded Archer Armor
25:36 Gold Shaft Mining
25:31 Leather Archer Armor
26:17 Town Watch
27:07 Wheelbarrow
28:12 Ring Archer Armor
Connection lost

Rejoining the realm…

Still unreachable

The connection could not be restored.

Session expired

The server has moved on; the page needs a fresh start.